[Event "FRA-ch Youth U20 2019"]
[Site "Hyeres"]
[Date "2019.04.19"]
[Round "7.4"]
[White "Laronche, Thomas"]
[Black "Roussel, Simon"]
[Result "0-1"]
[ECO "A09"]
[WhiteElo "2107"]
[BlackElo "2126"]
[Annotator "NA"]
[PlyCount "122"]
[EventDate "2019.04.14"]
[EventType "swiss"]
[EventCountry "FRA"]
[SourceTitle "playchess.com"]
[Source "ChessBase"]
[SourceQuality "1"]
[TimeControl "5400+30"]

1. Nf3 d5 2. g3 g6 3. Bg2 Bg7 4. c4 dxc4 5. Qa4+ Nc6 6. Qxc4 h6 7. Nc3 e5 8. O-O Nge7 9. d3 O-O 10. Be3 Be6 11. Qa4 Nf5 12. Bc5 Re8 13. Rac1 Bd7 14. Qd1 b6 15. Ba3 Rc8 16. b3 Ncd4 17. Bb2 c5 18. e3 Nb5 19. Qc2 Nxc3 20. Bxc3 Bb5 21. Rfd1 Qd6 22. Qb2 f6 23. Nd2 Rcd8 24. Nc4 Qe7 25. a4 Ba6 26. Bc6 Rf8 27. b4 Nd6 28. Nxd6 Rxd6 29. Bb5 Bb7 30. bxc5 bxc5 31. e4 Kh7 32. Rb1 Bc8 33. Qe2 h5 34. Bc4 f5 35. f3 Qf6 36. Bd5 f4 37. Rb8 Rb6 38. Rxb6 axb6 39. Kg2 fxg3 40. hxg3 h4 41. Rh1 h3+ 42. Kf2 Bg4 43. Ke1 Qxf3 44. Qxf3 Rxf3 45. Bc4 Rxg3 46. Kf1 g5 47. Bd2 Kh6 48. Bb5 Rg2 49. Be3 Rb2 50. Kg1 Be6 51. Rh2 Rb1+ 52. Kf2 Kh5 53. Kg3 Re1 54. Kf2 Rxe3 55. Kxe3 Kh4 56. Rh1 g4 57. Bc4 Bc8 58. Rb1 h2 59. Kf2 Kh3 60. d4 g3+ 61. Ke3 g2 0-1

[Event "FRA-ch Youth U20 2019"]
[Site "Hyeres"]
[Date "2019.04.20"]
[Round "8.1"]
[White "Pigeat, Alexandre"]
[Black "Roussel, Simon"]
[Result "1-0"]
[ECO "D20"]
[WhiteElo "2347"]
[BlackElo "2126"]
[Annotator "NA"]
[PlyCount "147"]
[EventDate "2019.04.14"]
[EventType "swiss"]
[EventCountry "FRA"]
[SourceTitle "playchess.com"]
[Source "ChessBase"]
[SourceQuality "1"]
[TimeControl "5400+30"]

1. d4 d5 2. c4 dxc4 3. Qa4+ Qd7 4. Qxc4 Qc6 5. Nd2 Qxc4 6. Nxc4 Nc6 7. Bf4 Nxd4 8. O-O-O Ne6 9. e3 Nxf4 10. exf4 e6 11. Nh3 Bc5 12. Bd3 Ne7 13. Ng5 Nc6 14. Be4 Bxf2 15. g3 h6 16. Nf3 O-O 17. Rd2 Bc5 18. Rhd1 g6 19. Kb1 Rb8 20. Bxc6 bxc6 21. Nfe5 Rb4 22. b3 Ba6 23. Nxc6 Bxc4 24. Nxb4 Bxb4 25. bxc4 Bxd2 26. Rxd2 Rb8+ 27. Kc2 Rb6 28. Rd7 Rc6 29. Kc3 Kf8 30. Kb4 Ke8 31. Rd2 Ke7 32. c5 a6 33. Kc4 f6 34. g4 f5 35. h3 g5 36. Re2 gxf4 37. gxf5 Kf6 38. Kd4 Kxf5 39. Re5+ Kf6 40. h4 f3 41. Re3 e5+ 42. Kd5 Re6 43. Rxf3+ Ke7 44. a3 a5 45. Ke4 Rf6 46. Rg3 Ke6 47. h5 Rf4+ 48. Ke3 Ra4 49. Rg6+ Kd5 50. Rxh6 Rxa3+ 51. Kd2 Rh3 52. c6 a4 53. Kc2 a3 54. Kb1 Rh2 55. Rh7 Kxc6 56. h6 Kd5 57. Rd7+ Kc6 58. Rh7 Kd6 59. Rh8 Kd5 60. h7 Ke4 61. Ra8 Rxh7 62. Ra4+ Kd5 63. Rxa3 c5 64. Kc2 e4 65. Ra4 Rh3 66. Kd2 Rd3+ 67. Ke2 Rb3 68. Ra8 Rh3 69. Rd8+ Kc4 70. Re8 Kd4 71. Rd8+ Kc3 72. Re8 e3 73. Kd1 c4 74. Re7 1-0

[Event "FRA-ch Youth U20 2019"]
[Site "Hyeres"]
[Date "2019.04.20"]
[Round "8.2"]
[White "Eugene, Floryan"]
[Black "Philippe, Guillaume"]
[Result "1-0"]
[ECO "B08"]
[WhiteElo "2294"]
[BlackElo "2352"]
[Annotator "NA"]
[PlyCount "63"]
[EventDate "2019.04.14"]
[EventType "swiss"]
[EventCountry "FRA"]
[SourceTitle "playchess.com"]
[Source "ChessBase"]
[SourceQuality "1"]
[TimeControl "5400+30"]

1. e4 d6 2. d4 Nf6 3. Nc3 g6 4. Nf3 Bg7 5. Bc4 O-O 6. h3 Nxe4 7. Nxe4 d5 8. Bd3 dxe4 9. Bxe4 Nd7 10. O-O c5 11. c3 cxd4 12. Nxd4 Nc5 13. Bc2 Qc7 14. Qf3 Bd7 15. Nb3 Bc6 16. Qe3 Ne6 17. Re1 b6 18. Be4 Rad8 19. Qf3 Bxe4 20. Qxe4 Rd7 21. Be3 Rfd8 22. a4 Rd5 23. a5 b5 24. a6 R8d6 25. Na5 Nd8 26. c4 Re5 27. Qa8 Rxa6 28. Red1 Rd6 29. c5 Rd7 30. Nc6 Rxe3 31. Rxd7 Qxd7 32. Nxd8 1-0

[Event "FRA-ch Youth U20 2019"]
[Site "Hyeres"]
[Date "2019.04.20"]
[Round "8.3"]
[White "Laurent-Paoli, Pierre"]
[Black "Afraoui, Anaelle"]
[Result "1-0"]
[ECO "E60"]
[WhiteElo "2352"]
[BlackElo "2031"]
[Annotator "NA"]
[PlyCount "61"]
[EventDate "2019.04.14"]
[EventType "swiss"]
[EventCountry "FRA"]
[SourceTitle "playchess.com"]
[Source "ChessBase"]
[SourceQuality "1"]
[TimeControl "5400+30"]

1. d4 Nf6 2. c4 d6 3. Nc3 e5 4. e3 Nbd7 5. Nf3 g6 6. Be2 Bg7 7. b3 O-O 8. Bb2 Re8 9. Qc2 exd4 10. exd4 Nf8 11. O-O Bf5 12. Qd2 d5 13. Rad1 c6 14. Rfe1 Qd6 15. Ne5 Rad8 16. Bf3 Ne4 17. Bxe4 dxe4 18. Qe2 f6 19. c5 Qe6 20. Nc4 Bg4 21. f3 exf3 22. Qf2 Qd7 23. Rxe8 Rxe8 24. Nd6 Re7 25. h3 Bh6 26. Nce4 Re6 27. hxg4 f5 28. g5 fxe4 29. gxh6 Qe7 30. d5 cxd5 31. Qd4 1-0

[Event "FRA-ch Youth U20 2019"]
[Site "Hyeres"]
[Date "2019.04.20"]
[Round "8.4"]
[White "Roque, Gaetan"]
[Black "De Lussac, Rainier"]
[Result "1-0"]
[ECO "E32"]
[WhiteElo "2029"]
[BlackElo "2152"]
[Annotator "NA"]
[PlyCount "71"]
[EventDate "2019.04.14"]
[EventType "swiss"]
[EventCountry "FRA"]
[SourceTitle "playchess.com"]
[Source "ChessBase"]
[SourceQuality "1"]
[TimeControl "5400+30"]

1. d4 Nf6 2. c4 e6 3. Nf3 Bb4+ 4. Nbd2 d6 5. a3 Bxd2+ 6. Qxd2 O-O 7. b4 Nbd7 8. Bb2 b6 9. g3 Bb7 10. Bg2 Ne4 11. Qc2 f5 12. O-O Qe8 13. d5 e5 14. Nh4 g6 15. Bxe4 fxe4 16. Qxe4 Qe7 17. Bc1 b5 18. Bh6 Rf7 19. Rad1 Nf6 20. Qc2 c6 21. Bg5 Kg7 22. e4 bxc4 23. dxc6 Bxc6 24. Qxc4 Bb7 25. Qd3 h6 26. Bxf6+ Rxf6 27. Ng2 Raf8 28. Ne3 Qd7 29. Nc4 Ba6 30. Qd5 Qb5 31. Qxb5 Bxb5 32. Rc1 Rf3 33. a4 Bxa4 34. Nxd6 Rd8 35. Rc7+ Kf6 36. Rf7+ 1-0

[Event "FRA-ch Youth U20 2019"]
[Site "Hyeres"]
[Date "2019.04.21"]
[Round "9.1"]
[White "Pigeat, Alexandre"]
[Black "Roque, Gaetan"]
[Result "1-0"]
[ECO "D20"]
[WhiteElo "2347"]
[BlackElo "2029"]
[Annotator "NA"]
[PlyCount "87"]
[EventDate "2019.04.14"]
[EventType "swiss"]
[EventCountry "FRA"]
[SourceTitle "playchess.com"]
[Source "ChessBase"]
[SourceQuality "1"]
[TimeControl "5400+30"]

1. d4 d5 2. c4 dxc4 3. Nc3 Nf6 4. e3 e6 5. Bxc4 a6 6. Nge2 b5 7. Bd3 Bb7 8. O-O c5 9. f3 Nbd7 10. Kh1 Rc8 11. Bb1 Bd6 12. Qe1 Bb8 13. Ne4 O-O 14. Bd2 e5 15. N2g3 exd4 16. exd4 Re8 17. Nf5 Nf8 18. Bg5 Qc7 19. Qh4 Nxe4 20. fxe4 Ng6 21. Qh3 Bxe4 22. Bxe4 Rxe4 23. Nd6 Qxd6 24. Qxc8+ Nf8 25. Qh3 Qxd4 26. Rae1 Rxe1 27. Rxe1 Ne6 28. Bh4 h6 29. b3 Qd2 30. Qf3 Qf4 31. Bg3 Qxf3 32. gxf3 Ba7 33. Bf2 Bb8 34. Bxc5 Kh7 35. Bb6 Kg6 36. Rc1 Kf5 37. Rc6 Kf4 38. Kg2 g5 39. Bf2 Kf5 40. Rxa6 Nf4+ 41. Kf1 Nd3 42. Bg3 Bxg3 43. hxg3 h5 44. Ra5 1-0

[Event "FRA-ch Youth U20 2019"]
[Site "Hyeres"]
[Date "2019.04.21"]
[Round "9.2"]
[White "Guerlach, Keigo"]
[Black "Eugene, Floryan"]
[Result "0-1"]
[ECO "C69"]
[WhiteElo "2071"]
[BlackElo "2294"]
[Annotator "NA"]
[PlyCount "83"]
[EventDate "2019.04.14"]
[EventType "swiss"]
[EventCountry "FRA"]
[SourceTitle "playchess.com"]
[Source "ChessBase"]
[SourceQuality "1"]
[TimeControl "5400+30"]

1. e4 e5 2. Nf3 Nc6 3. Bb5 a6 4. Bxc6 dxc6 5. O-O f6 6. d4 Bg4 7. dxe5 Qxd1 8. Rxd1 fxe5 9. h3 Bxf3 10. gxf3 Bd6 11. Be3 Ne7 12. Nd2 Ng6 13. Kf1 Nf8 14. Nc4 Ke7 15. Bg5+ Ke6 16. f4 exf4 17. Nxd6 cxd6 18. Bxf4 Rd8 19. Bg3 Ng6 20. Ke2 Rhf8 21. Ke3 d5 22. f4 dxe4 23. Rxd8 Rxd8 24. Kxe4 Rd5 25. Re1 Ne7 26. Kf3+ Kf7 27. c4 Rd2 28. Re2 Rd7 29. b3 Nf5 30. Bf2 g6 31. Rc2 Rd3+ 32. Kg2 Ng7 33. Re2 Ne6 34. Be3 Rd1 35. Rd2 Rxd2+ 36. Bxd2 Kf6 37. Be3 Kf5 38. Kf3 c5 39. a3 a5 40. h4 b6 41. Bf2 Nxf4 42. Bg3 0-1

[Event "FRA-ch Youth U20 2019"]
[Site "Hyeres"]
[Date "2019.04.21"]
[Round "9.4"]
[White "Philippe, Guillaume"]
[Black "Roussel, Simon"]
[Result "0-1"]
[ECO "C31"]
[WhiteElo "2352"]
[BlackElo "2126"]
[Annotator "NA"]
[PlyCount "99"]
[EventDate "2019.04.14"]
[EventType "swiss"]
[EventCountry "FRA"]
[SourceTitle "playchess.com"]
[Source "ChessBase"]
[SourceQuality "1"]
[TimeControl "5400+30"]

1. e4 e5 2. f4 d5 3. exd5 exf4 4. d4 Qh4+ 5. Ke2 Nf6 6. Nc3 Bd6 7. Qe1 Qh5+ 8. Kf2+ Kd8 9. Be2 Ng4+ 10. Bxg4 Bxg4 11. Nf3 Bxf3 12. gxf3 Re8 13. Qg1 Qh4+ 14. Kg2 Nd7 15. Qf2 Qh5 16. Bd2 Qg6+ 17. Kf1 Qxc2 18. Rg1 Qd3+ 19. Kg2 g5 20. Kh1 h6 21. Ne4 Rxe4 22. fxe4 Qxe4+ 23. Qg2 Qxg2+ 24. Kxg2 Nb6 25. Kf3 Nxd5 26. h4 f6 27. Kg4 Ke7 28. Kh5 Kf7 29. Kg4 Re8 30. Rae1 Rxe1 31. Rxe1 Kg6 32. hxg5 h5+ 33. Kf3 fxg5 34. Re8 g4+ 35. Kf2 Kf5 36. Rh8 Nf6 37. Bc3 Ne4+ 38. Kg1 Ng3 39. Be1 Ne2+ 40. Kf1 Nxd4 41. Rxh5+ Ke4 42. Bc3 Nf5 43. Rg5 Ne3+ 44. Ke1 Kf3 45. Bd2 Nc4 46. Bc1 g3 47. Kf1 b6 48. b3 Ne5 49. Rg7 Ng4 50. Ke1 0-1